 Dungeon Crawl Stone Soup version 0.29.1-2-gbd0b4ee654 (webtiles) character file.

Game seed: 5332486184210236270

1631 qeuew the Shield-Bearer (level 8, -6/79 HPs)
             Began as a Troll Fighter on Nov 15, 2022.
             Was an Initiate of the Shining One.
             Mangled by a troll (9 damage)
             ... while petrified by a basilisk
             ... on level 6 of the Dungeon.
             The game lasted 00:06:45 (4095 turns).

qeuew the Shield-Bearer (Troll Fighter)             Turns: 4095, Time: 00:06:45

Health: -6/79      AC:  4    Str: 25    XL:     8   Next: 65%
Magic:  7/7        EV:  1    Int:  4    God:    the Shining One [......]
Gold:   232        SH:  0    Dex: 17    Spells: 7/7 levels left

rFire   . . .      SeeInvis .     - Unarmed
rCold   . . .      Faith    .   b - +1 kite shield
rNeg    + + +      Spirit   .   a - +0 robe
rPois   ∞          Reflect  .   (helmet restricted)
rElec   +          Harm     .   d - scarf {repulsion}
rCorr   .          Rampage  .   (gloves unavailable)
Will    .....      Rnd*Tele +   (boots unavailable)
Stlth   +.........              (no amulet)
HPRegen 1.03/turn               k - +6 ring of dexterity
MPRegen 0.10/turn               (no ring)

@: petrified, glowing, repel missiles
A: large, unfitting armour, claws 3, regeneration 1, shaggy fur 1, tough skin 1,
screaming 1, electricity resistance, teleportitis 1, MP-powered wands
a: Renounce Religion


You were on level 6 of the Dungeon.
You worshipped the Shining One.
The Shining One was noncommittal.
You visited 2 branches of the dungeon, and saw 7 of its levels.

You collected 232 gold pieces.

Inventory:

Missiles
 q - a throwing net (quivered)
Armour
 a - a +0 robe (worn)
 b - a +1 kite shield (worn)
 d - a scarf of repulsion (worn)
Jewellery
 k - a +6 ring of dexterity (left claw)
 l - an amulet of reflection
Wands
 f - a wand of polymorph (6)
Scrolls
 c - 2 scrolls of identify
 h - a scroll of enchant armour
 i - a scroll of fog
 m - a scroll of amnesia
 p - a scroll of brand weapon
Potions
 e - 4 potions of curing
 n - a potion of brilliance {unknown}
 o - 2 potions of attraction {unknown}


   Skills:
 + Level 4.9 Fighting
 + Level 4.9 Dodging
 + Level 5.4 Shields
 + Level 5.4 Unarmed Combat
 + Level 1.0 Invocations
 + Level 2.5 Evocations


You had 7 spell levels left.
You didn't know any spells.
Your spell library contained the following spells:

 Spells                   Type           Power      Damage    Failure   Level
 Apportation              Tloc           0%         N/A       77%         1
 Beastly Appendage        Tmut           0%         N/A       77%         1
 Sting                    Tmut/Pois      0%         1d3       77%         1
 Ensorcelled Hibernation  Hex/Ice        0%         N/A       88%         2
 Poisonous Vapours        Pois/Air       0%         N/A       88%         2
 Wereblood                Tmut           0%         N/A       88%         2
 Spider Form              Tmut/Pois      0%         N/A       98%         3
 Tukima's Dance           Hex            0%         N/A       98%         3
 Anguish                  Hex/Necr       0%         N/A       100%        4
 Olgreb's Toxic Radiance  Pois           0%         N/A       100%        4
 Passage of Golubria      Tloc           0%         N/A       100%        4
 Yara's Violent Unravell  Hex/Tmut       0%         3d3       100%        5


Dungeon Overview and Level Annotations

Branches:
Dungeon (6/15)             Temple (1/1) D:6

Altars:
Ashenzari
Cheibriados
Dithmenos
Fedhas
Hepliaklqana
Kikubaaqudgha
Nemelex Xobeh
Okawaru
Sif Muna
Trog
Uskayaw
Vehumet
Wu Jian
Yredelemnul
Zin
The Shining One

Shops:
D:1 =   D:2 [


Innate Abilities, Weirdness & Mutations

You are too large for most types of armour.
You have claws for hands.
Your natural rate of healing is unusually fast.
You are covered in fur. (AC +1)
You have tough skin. (AC +1)
You occasionally shout uncontrollably at your foes.
You are resistant to electric shocks. (rElec)
You are occasionally teleported next to monsters.
You expend magic power (3 MP) to strengthen your wands.


Message History

The troll is heavily wounded.
The troll bites you. The troll claws you. x2
You barely miss the troll.
The troll is heavily wounded.
The white imp spits at you. You block the troll's attack. The troll claws you.
* * * LOW HITPOINT WARNING * * *
The troll claws you!
* * * LOW HITPOINT WARNING * * *
Throw: 2 throwing nets
Press: ? - help, Q - select action, (/) - cycle Shift-Dir - straight line, f - troll
Aim: a troll (heavily wounded, haloed, 79% to hit)
You throw a throwing net. The throwing net hits the troll.
The troll is caught in the net!
The troll is heavily wounded.
The basilisk gazes at you. You resist with some effort.
The troll struggles against the net. x2
You scratch the troll.
The troll is heavily wounded.
The basilisk gazes at you.
You are slowing down.
The troll struggles against the net.
You scratch the troll but do no damage.
The troll is heavily wounded.
The white imp seems to regain its courage.
You block the basilisk's attack.
The troll struggles against the net.
Your limbs are stiffening.
Unknown command.
You scratch the troll but do no damage.
The troll is moderately wounded.
You block the basilisk's attack.
The troll struggles against the net.
The basilisk bites you!
* * * LOW HITPOINT WARNING * * *
The troll struggles against the net.
The net rips apart, and the troll comes free!
You have turned to stone.
The basilisk bites you!
* * * LOW HITPOINT WARNING * * *
The troll bites you!!
You die...

.##'####... #.........##....#...
.#..†..# #..###....##....#...
.#...)########### ####'##....#...
.#...........#######...##...##...
.#....#.)....'.....#...##...#####
##....#..##..#.....#.............
#....#..##..#.†#..#...##........
#....#......#..l..#...##........
#....#......#..@..#....#........
#....###########T##....#........
#+####.. 5S#.o.5#.....#...##+##
#. #J#.#.T..#######...##...
#...'....#....##....#...
####....#..........#...
######.........##...
###..##...##... #####'###....#...


You could see a troll, a basilisk and a white imp.

Vanquished Creatures
  Sigmund (D:3)
  Menkaure (D:5)
  A water moccasin (D:6)
  An orc warrior (D:6)
  An ice beast (D:6)
  A black bear (D:5)
  An ogre (D:6)
  A phantom (D:4)
  2 bullfrogs (D:6)
  A scorpion (D:5)
  2 howler monkeys
  3 hounds
  A jelly (D:5)
  A gnoll bouda (D:5)
  An orc priest (D:5)
  Natasha (D:3)
  3 iguanas (D:6)
  An orc wizard (D:5)
  4 gnolls
  10 adders
  2 shadow imps
  3 worms
  2 dart slugs
  3 orcs
  4 bats
  7 endoplasms
  6 giant cockroaches
  9 hobgoblins
  7 jackals
  3 quokkas
  11 ball pythons
  4 frilled lizards
  4 goblins
  8 kobolds
  4 rats
115 creatures vanquished.

Notes
Turn   | Place    | Note
-------+----------+-------------------------------------------
     0 | D:1      | qeuew the Troll Fighter began the quest for the Orb.
     0 | D:1      | Reached XP level 1. HP: 22/22 MP: 0/0
    70 | D:1      | Reached XP level 2. HP: 29/29 MP: 1/1
   444 | D:1      | Found Oreizat's Jewellery Boutique.
   518 | D:1      | Reached XP level 3. HP: 36/36 MP: 2/2
   725 | D:1      | Gained mutation: You are occasionally teleported next to
                  | monsters. [potion of mutation]
   725 | D:1      | Gained mutation: You are resistant to electric shocks.
                  | (rElec) [potion of mutation]
   725 | D:1      | Gained mutation: You occasionally shout uncontrollably at
                  | your foes. [potion of mutation]
   725 | D:1      | Gained mutation: You expend magic power (3 MP) to
                  | strengthen your wands. [potion of mutation]
   779 | D:2      | Found Qawefua's Armour Shoppe.
   939 | D:2      | Reached XP level 4. HP: 44/44 MP: 3/3
   946 | D:2      | Found a faded altar of an unknown god.
   955 | D:2      | Got Plato's Lectures on the Excursion
  1484 | D:2      | Found an iron altar of Okawaru.
  1619 | D:3      | Found a basalt altar of Yredelemnul.
  1777 | D:3      | Noticed Natasha
  1794 | D:3      | Killed Natasha
  1795 | D:3      | Reached XP level 5. HP: 46/53 MP: 4/4
  2112 | D:3      | Noticed Sigmund
  2124 | D:3      | Killed Sigmund
  2125 | D:3      | Reached XP level 6. HP: 61/61 MP: 5/5
  2324 | D:4      | Found a hazy altar of Hepliaklqana.
  2802 | D:5      | Entered Level 5 of the Dungeon
  2860 | D:5      | Reached XP level 7. HP: 40/68 MP: 6/6
  2948 | D:5      | Noticed Menkaure
  2956 | D:5      | Killed Menkaure
  2957 | D:5      | Reached skill level 1 in Evocations
  3453 | D:6      | Found a staircase to the Ecumenical Temple.
  3462 | Temple   | Entered the Ecumenical Temple
  3559 | Temple   | Became a worshipper of the Shining One
  3647 | D:6      | Reached XP level 8. HP: 79/79 MP: 7/7
  3684 | D:6      | Reached skill level 5 in Shields
  3885 | D:6      | Found a sparkling altar of Nemelex Xobeh.
  3894 | D:6      | Found a radiant altar of Vehumet.
  3913 | D:6      | Reached skill level 5 in Unarmed Combat
  4067 | D:6      | Noticed a troll
  4088 | D:6      | Reached skill level 1 in Invocations
  4095 | D:6      | HP: 3/79 [basilisk (6)]
  4095 | D:6      | Mangled by a troll

Illustrated notes

Levels and vault maps discovered:
D:1:      psy_arrival_whirlpool, layout_loops_ring, serial_shops,
          nicolae_shop_hallway_stairs
D:2:      layout_basic, shapermc_ecumenical_altar_rom_forum, serial_shops, shop,
          basic_altar, eino_tiny_chamber
D:3:      layout_loops_cross, lemuel_crystal_altar, uniq_natasha, uniq_sigmund
D:4:      layout_gridville, lemuel_crystal_altar
D:5:      layout_rooms, uniq_menkaure
D:6:      minmay_clustersquares, layout_gridville, mainiacjoe_overflow_alcove_2,
          nemelex_xobeh_ov_fountains_minmay, minmay_temple_entry_offerings
Temple:   nicolae_temple_godzebo

Skill      XL: |  1  2  3  4  5  6  7  8 |
---------------+-------------------------+-----
Shields        | 3 4 5 |  5.4
Fighting       | 3 4 |  4.9
Dodging        | 3 4 |  4.9
Unarmed Combat | 3 4 5 |  5.4
Evocations     | 1 2 |  2.5
Invocations    | 1 |  1.0

Action                   |  1- 3 |  4- 6 |  7- 9 || total
-------------------------+-------+-------+-------++-------
Melee: Unarmed           |    92 |   126 |   108 ||   326
Throw: Throwing net      |       |       |     1 ||     1
  Use: Scroll            |     5 |     6 |     2 ||    13
       Potion            |     1 |     3 |     1 ||     5
 Stab: Sleeping          |     1 |     2 |     1 ||     4
Armor: Robe              |    23 |    19 |    13 ||    55
Dodge: Dodged            |    40 |    51 |    64 ||   155
       Repelled          |       |     1 |       ||     1
Block: Kite shield       |    32 |    49 |    59 ||   140
